| TOP OF THE 1ST |
|
Arkansas Travelers batting - Pitching for Memphis Blues : LHP Chris Reyes
|
|
Pitching: LHP Chris Reyes
|
|
|
Batting: RHB Denny Gonzalez
|
0-0: Swinging Strike 0-1: Foul Ball, location: 2F 0-2: Ball 1-2: Ball 2-2: Strikes out swinging
|
|
Batting: LHB Dave Magadan
|
0-0: Ball 1-0: Swinging Strike 1-1: Foul Ball, location: 2F 1-2: Ball 2-2: Strikes out looking
|
|
Batting: RHB Randy Milligan
|
0-0: Ball 1-0: Called Strike 1-1: Foul Ball, location: 2F 1-2: Ball 2-2: Strikes out swinging
|
| Top of the 1st over - 0 runs, 0 hits, 0 errors, 0 left on base; Arkansas 0 - Memphis 0 |
| BOTTOM OF THE 1ST |
|
Memphis Blues batting - Pitching for Arkansas Travelers : LHP Ricardo Acevedo
|
|
Pitching: LHP Ricardo Acevedo
|
|
|
Batting: RHB Mariano Duncan
|
0-0: Ball 1-0: Foul Ball, location: 2F 1-1: Called Strike 1-2: Ball 2-2: Ground out 4-3 (Groundball, 4, EV 85.0 MPH)
|
|
Batting: RHB Augustine Garrett
|
0-0: Called Strike 0-1: Called Strike 0-2: Foul Ball, location: 2F 0-2: Foul Ball, location: 2F 0-2: Ball 1-2: Strikes out swinging
|
|
Batting: LHB David Christianson
|
0-0: Ball 1-0: Ball 2-0: Ball 3-0: Called Strike 3-1: Base on Balls
|
|
Batting: RHB Chris James
|
0-0: SINGLE (Line Drive, 5L, EV 103.1 MPH) David Christianson to second
|
|
Batting: RHB Randy Filkins
|
0-0: Ball 1-0: Ball 2-0: Ball 3-0: Base on Balls David Christianson to third Chris James to second
|
|
Batting: RHB Dave Penniall
|
0-0: Ball 1-0: Ball 2-0: Foul Ball, location: 2F 2-1: Fly out, F7 (Flyball, 78D, EV 76.3 MPH)
|
| Bottom of the 1st over - 0 runs, 1 hit, 0 errors, 3 left on base; Arkansas 0 - Memphis 0 |
| TOP OF THE 2ND |
|
Arkansas Travelers batting - Pitching for Memphis Blues : LHP Chris Reyes
|
|
Batting: LHB Phil Stephenson
|
0-0: Ball 1-0: Swinging Strike 1-1: Swinging Strike 1-2: Ball 2-2: Foul Ball, location: 2F 2-2: Strikes out looking
|
|
Batting: SHB Bobby Bonilla
|
0-0: Fly out, F7 (Flyball, 7LM, EV 79.4 MPH)
|
|
Batting: LHB Jesus Marinez
|
0-0: Ball 1-0: Called Strike 1-1: Swinging Strike 1-2: Ball 2-2: Fly out, F7 (Flyball, 7LM, EV 96.3 MPH)
|
| Top of the 2nd over - 0 runs, 0 hits, 0 errors, 0 left on base; Arkansas 0 - Memphis 0 |
| BOTTOM OF THE 2ND |
|
Memphis Blues batting - Pitching for Arkansas Travelers : LHP Ricardo Acevedo
|
|
Batting: RHB Bradley Shames
|
0-0: Foul Ball, location: 2F 0-1: Foul Ball, location: 2F 0-2: Foul Ball, location: 2F 0-2: Ball 1-2: Ground out 5-3 (Groundball, 5, EV 81.9 MPH)
|
|
Batting: LHB Don Jacoby
|
0-0: Ball 1-0: SINGLE (Flyball, 8LS, EV 95.6 MPH)
|
|
Batting: RHB William Muth
|
0-0: Grounds into double play, 5-4-3 (Groundball, 5, EV 108.1 MPH)
|
| Bottom of the 2nd over - 0 runs, 1 hit, 0 errors, 0 left on base; Arkansas 0 - Memphis 0 |
| TOP OF THE 3RD |
|
Arkansas Travelers batting - Pitching for Memphis Blues : LHP Chris Reyes
|
|
Batting: SHB Bob Meacham
|
0-0: Ground out 6-3 (Groundball, 6, EV 85.6 MPH)
|
|
Batting: RHB Rob Deer
|
0-0: Foul Ball, location: 2F 0-1: Ball 1-1: Ball 2-1: Foul Ball, location: 2F 2-2: Ground out 6-3 (Groundball, 6, EV 103.8 MPH)
|
|
Batting: RHB Alex Duarte
|
0-0: Called Strike 0-1: Ball 1-1: Fly out, F9 (Line Drive, 9D, EV 105.6 MPH)
|
| Top of the 3rd over - 0 runs, 0 hits, 0 errors, 0 left on base; Arkansas 0 - Memphis 0 |
| BOTTOM OF THE 3RD |
|
Memphis Blues batting - Pitching for Arkansas Travelers : LHP Ricardo Acevedo
|
|
Batting: RHB Mariano Duncan
|
0-0: Ball 1-0: Ball 2-0: Called Strike 2-1: Foul Ball, location: 2F 2-2: Fly out, F8 (Line Drive, 8LD, EV 97.5 MPH)
|
|
Batting: RHB Augustine Garrett
|
0-0: Ball 1-0: Called Strike 1-1: Swinging Strike 1-2: Strikes out swinging
|
|
Batting: LHB David Christianson
|
0-0: Called Strike 0-1: Ball 1-1: Called Strike 1-2: Ball 2-2: SINGLE (Line Drive, 6MD, EV 95.6 MPH)
|
|
Batting: RHB Chris James
|
0-0: Fly out, F8 (Flyball, 8RD, EV 78.1 MPH)
|
| Bottom of the 3rd over - 0 runs, 1 hit, 0 errors, 1 left on base; Arkansas 0 - Memphis 0 |
| TOP OF THE 4TH |
|
Arkansas Travelers batting - Pitching for Memphis Blues : LHP Chris Reyes
|
|
Batting: RHB Denny Gonzalez
|
0-0: Ball 1-0: Foul Ball, location: 2F 1-1: Foul Ball, location: 2F 1-2: Fly out, F7 (Flyball, 7, EV 93.1 MPH)
|
|
Batting: LHB Dave Magadan
|
0-0: Swinging Strike 0-1: Foul Ball, location: 2F 0-2: Ball 1-2: Ball 2-2: Ball 3-2: Foul Ball, location: 2F 3-2: SINGLE (Line Drive, 5D, EV 98.1 MPH)
|
|
Batting: RHB Randy Milligan
|
0-0: Ball 1-0: Called Strike 1-1: Foul Ball, location: 2F 1-2: Ball 2-2: Ball 3-2: Strikes out swinging
|
|
Batting: LHB Phil Stephenson
|
0-0: Called Strike 0-1: Called Strike 0-2: Strikes out swinging
|
| Top of the 4th over - 0 runs, 1 hit, 0 errors, 1 left on base; Arkansas 0 - Memphis 0 |
| BOTTOM OF THE 4TH |
|
Memphis Blues batting - Pitching for Arkansas Travelers : LHP Ricardo Acevedo
|
|
Batting: RHB Randy Filkins
|
0-0: Ball 1-0: Ball 2-0: Ball 3-0: Base on Balls
|
|
Batting: RHB Dave Penniall
|
0-0: Fly out, F7 (Line Drive, 7S, EV 106.9 MPH)
|
|
Batting: RHB Bradley Shames
|
0-0: Ball 1-0: Ball 2-0: Called Strike 2-1: Foul Ball, location: 2F 2-2: Strikes out swinging
|
|
Batting: LHB Don Jacoby
|
0-0: Ball 1-0: Ball 2-0: Ball 3-0: Base on Balls Randy Filkins to second
|
|
Batting: RHB William Muth
|
0-0: Swinging Strike 0-1: Foul Ball, location: 2F 0-2: Ground out 6-3 (Groundball, 6M, EV 100.0 MPH)
|
| Bottom of the 4th over - 0 runs, 0 hits, 0 errors, 2 left on base; Arkansas 0 - Memphis 0 |
| TOP OF THE 5TH |
|
Arkansas Travelers batting - Pitching for Memphis Blues : LHP Chris Reyes
|
|
Batting: SHB Bobby Bonilla
|
0-0: Called Strike 0-1: Called Strike 0-2: Ball 1-2: SINGLE (Groundball, 56D, EV 105.6 MPH)
|
|
Batting: LHB Jesus Marinez
|
0-0: Ball 1-0: Foul Ball, location: 2F 1-1: Foul Ball, location: 2F 1-2: Strikes out swinging
|
|
Batting: SHB Bob Meacham
|
0-0: Called Strike 0-1: Grounds into double play, 6-4-3 (Groundball, 6, EV 81.3 MPH)
|
| Top of the 5th over - 0 runs, 1 hit, 0 errors, 0 left on base; Arkansas 0 - Memphis 0 |
| BOTTOM OF THE 5TH |
|
Memphis Blues batting - Pitching for Arkansas Travelers : LHP Ricardo Acevedo
|
|
Batting: RHB Mariano Duncan
|
0-0: Ball 1-0: Fly out, F7 (Flyball, 7S, EV 95.0 MPH)
|
|
Batting: RHB Augustine Garrett
|
0-0: Swinging Strike 0-1: Ball 1-1: Foul Ball, location: 2F 1-2: Strikes out swinging
|
|
Batting: LHB David Christianson
|
0-0: Called Strike 0-1: Foul Ball, location: 2F 0-2: Ball 1-2: Strikes out swinging
|
| Bottom of the 5th over - 0 runs, 0 hits, 0 errors, 0 left on base; Arkansas 0 - Memphis 0 |
| TOP OF THE 6TH |
|
Arkansas Travelers batting - Pitching for Memphis Blues : LHP Chris Reyes
|
|
Batting: RHB Rob Deer
|
0-0: Fly out, F3 (Popup, 3F, EV 63.1 MPH)
|
|
Batting: RHB Alex Duarte
|
0-0: SINGLE (Groundball, 4MD, EV 104.4 MPH)
|
|
Batting: RHB Denny Gonzalez
|
0-0: Fielders Choice at 2nd, 4-6 (Groundball, 34, EV 107.5 MPH)
|
|
Batting: LHB Dave Magadan
|
0-0: Foul Ball, location: 2F 0-1: Fly out, F9 (Line Drive, 9D, EV 96.3 MPH)
|
| Top of the 6th over - 0 runs, 1 hit, 0 errors, 1 left on base; Arkansas 0 - Memphis 0 |
| BOTTOM OF THE 6TH |
|
Memphis Blues batting - Pitching for Arkansas Travelers : LHP Ricardo Acevedo
|
|
Batting: RHB Chris James
|
0-0: Called Strike 0-1: Ground out 6-3 (Groundball, 6, EV 78.1 MPH)
|
|
Batting: RHB Randy Filkins
|
0-0: Foul Ball, location: 2F 0-1: Foul Ball, location: 2F 0-2: Ball 1-2: Ball 2-2: Fly out, F4 (Popup, 4, EV 75.0 MPH)
|
|
Batting: RHB Dave Penniall
|
0-0: Called Strike 0-1: Called Strike 0-2: SOLO HOME RUN (Flyball, 7LD, EV 86.3 MPH), Distance : 349 ft
|
|
Batting: RHB Bradley Shames
|
0-0: Called Strike 0-1: Fly out, F7 (Flyball, 7D, EV 98.8 MPH)
|
| Bottom of the 6th over - 1 run, 1 hit, 0 errors, 0 left on base; Arkansas 0 - Memphis 1 |
| TOP OF THE 7TH |
|
Arkansas Travelers batting - Pitching for Memphis Blues : LHP Chris Reyes
|
|
Batting: RHB Randy Milligan
|
0-0: Ball 1-0: Called Strike 1-1: Called Strike 1-2: Strikes out swinging
|
|
Batting: LHB Phil Stephenson
|
0-0: Ball 1-0: Fly out, F8 (Line Drive, 8LM, EV 85.0 MPH)
|
|
Batting: SHB Bobby Bonilla
|
0-0: Ball 1-0: Ball 2-0: Called Strike 2-1: Ball 3-1: Swinging Strike 3-2: Base on Balls
|
|
Pinch Hitting: RHB Dennis Seats
|
0-0: Called Strike 0-1: Ball 1-1: Foul Ball, location: 2F 1-2: SINGLE (Groundball, P, EV 78.1 MPH) (infield hit) Bobby Bonilla to second
|
|
Batting: SHB Bob Meacham
|
0-0: Ball 1-0: Foul Ball, location: 2F 1-1: Called Strike 1-2: Ball 2-2: Ball 3-2: Foul Ball, location: 2F 3-2: Base on Balls Bobby Bonilla to third Dennis Seats to second
|
|
Batting: RHB Rob Deer
|
0-0: Called Strike 0-1: Ball 1-1: Foul Ball, location: 2F 1-2: Ball 2-2: Foul Ball, location: 2F 2-2: Ball 3-2: Ground out 6-3 (Groundball, 6S, EV 84.4 MPH)
|
| Top of the 7th over - 0 runs, 1 hit, 0 errors, 3 left on base; Arkansas 0 - Memphis 1 |
| BOTTOM OF THE 7TH |
|
Memphis Blues batting - Pitching for Arkansas Travelers : LHP Ricardo Acevedo
|
|
Now at 3B: Dennis Seats
|
|
|
Batting: LHB Don Jacoby
|
0-0: Ball 1-0: Ball 2-0: Ball 3-0: Foul Ball, location: 2F 3-1: Swinging Strike 3-2: Foul Ball, location: 2F 3-2: Fly out, F9 (Flyball, 9, EV 90.0 MPH)
|
|
Batting: RHB William Muth
|
0-0: Ball 1-0: Called Strike 1-1: DOUBLE (Flyball, 8RXD, EV 96.9 MPH)
|
|
Batting: RHB Mariano Duncan
|
0-0: Intentional Walk
|
|
Batting: RHB Augustine Garrett
|
0-0: Called Strike 0-1: Ball 1-1: SINGLE (Groundball, 6MD, EV 104.4 MPH) William Muth to third Mariano Duncan to second Runner from 3rd tries for Home, SAFE, throw by CF to home
|
|
Batting: LHB David Christianson
|
0-0: Ball 1-0: Called Strike Mariano Duncan steals 3rd base Augustine Garrett to second 1-1: Ball 2-1: Swinging Strike 2-2: Foul Ball, location: 2F 2-2: Foul Ball, location: 2F 2-2: Ground out 6-3 (Groundball, 6M, EV 103.1 MPH) Mariano Duncan scores Augustine Garrett to third
|
|
Batting: RHB Chris James
|
0-0: Swinging Strike 0-1: Ground out 5-3 (Groundball, 5S, EV 80.6 MPH)
|
| Bottom of the 7th over - 2 runs, 2 hits, 0 errors, 1 left on base; Arkansas 0 - Memphis 3 |
| TOP OF THE 8TH |
|
Arkansas Travelers batting - Pitching for Memphis Blues : LHP Chris Reyes
|
|
Batting: RHB Alex Duarte
|
0-0: Bunt missed! 0-1: Ball 1-1: Ground out 6-3 (Groundball, 56, EV 77.5 MPH)
|
|
Batting: RHB Denny Gonzalez
|
0-0: Called Strike 0-1: Foul Ball, location: 2F 0-2: Foul Ball, location: 2F 0-2: Ball 1-2: Strikes out swinging
|
|
Batting: LHB Dave Magadan
|
0-0: Called Strike 0-1: Ball 1-1: Ground out 4-3 (Groundball, 4, EV 88.8 MPH)
|
| Top of the 8th over - 0 runs, 0 hits, 0 errors, 0 left on base; Arkansas 0 - Memphis 3 |
| BOTTOM OF THE 8TH |
|
Memphis Blues batting - Pitching for Arkansas Travelers : LHP Ricardo Acevedo
|
|
Batting: RHB Randy Filkins
|
0-0: Ball 1-0: Fly out, F7 (Line Drive, 7, EV 86.3 MPH)
|
|
Batting: RHB Dave Penniall
|
0-0: Ball 1-0: Foul Ball, location: 5F, Error on foul ball, E5 1-1: Ground out U3 (Groundball, 3, EV 81.3 MPH)
|
|
Batting: RHB Bradley Shames
|
0-0: Ground out 3-1 (Groundball, 34, EV 82.5 MPH)
|
| Bottom of the 8th over - 0 runs, 0 hits, 1 error, 0 left on base; Arkansas 0 - Memphis 3 |
| TOP OF THE 9TH |
|
Arkansas Travelers batting - Pitching for Memphis Blues : LHP Chris Reyes
|
|
Batting: RHB Randy Milligan
|
0-0: Ball 1-0: Swinging Strike 1-1: Called Strike 1-2: Ball 2-2: Ground out 6-3 (Groundball, 4MS, EV 68.1 MPH)
|
|
Batting: LHB Phil Stephenson
|
0-0: Ball 1-0: Fly out, F6 (Popup, 4M, EV 60.0 MPH)
|
|
Batting: SHB Bobby Bonilla
|
0-0: Fly out, F7 (Flyball, 7LD, EV 88.1 MPH)
|
| Top of the 9th over - 0 runs, 0 hits, 0 errors, 0 left on base; Arkansas 0 - Memphis 3 |
|